 Dungeon Crawl Stone Soup version 0.31.0-10-gcf4a605ca0 (webtiles) character file.

Game seed: 7156698052689249670

151 sanka the Cudgeller (level 5, -1/46 HPs)
             Began as a Minotaur Fighter on Jan 25, 2024.
             Slain by Grinder (6 damage)
             ... on level 3 of the Dungeon.
             The game lasted 00:03:02 (2423 turns).

sanka the Cudgeller (Minotaur Fighter)              Turns: 2423, Time: 00:03:02

Health: -1/46      AC:  6    Str: 21    XL:     5   Next: 10%
Magic:  4/4        EV:  9    Int:  5    God:
Gold:   129        SH:  4    Dex: 11    Spells: 4/4 levels left

rFire   . . .        a - +0 flail
rCold   . . .        c - +0 buckler
rNeg    . . .        b - +0 scale mail
rPois   +            (helmet restricted)
rElec   .            (no cloak)
rCorr   .            (no gloves)
SInv    .            (no boots)
Will    .....        (no amulet) Stlth
                     i - ring of poison resistance
HPRegen 0.27/turn    (no ring)
MPRegen 0.09/turn

%: no passive effects
@: no status effects
A: horns 2, retaliatory headbutt
a: no special abilities


You were on level 3 of the Dungeon.
You visited 1 branch of the dungeon, and saw 3 of its levels.

You collected 129 gold pieces.


Innate Abilities, Weirdness & Mutations

You have a pair of horns on your head.
You reflexively headbutt those who attack you in melee.


   Skills:
 - Level 4.0 Fighting
 + Level 6.3 Maces & Flails
 - Level 3.6 Armour
 - Level 3.6 Shields


You had 4 spell levels left.
You didn't know any spells.
Your spell library was empty.

Inventory:

Hand Weapons
 a - a +0 flail (weapon)
Armour
 b - a +0 scale mail (worn)
 c - a +0 buckler (worn)
Jewellery
 i - a ring of poison resistance (left hand)
Talismans
 k - a serpent talisman
Wands
 j - a wand of flame (10)
Scrolls
 e - 2 scrolls of acquirement {unknown}
 g - a scroll of teleportation {unknown}
 l - 3 scrolls of identify {unknown}
 n - 2 scrolls of vulnerability {unknown}
 o - a scroll of amnesia {unknown}
 q - a scroll of poison {unknown}
 s - 3 scrolls of noise {unknown}
Potions
 d - a potion of might
 f - 2 potions of brilliance {unknown}
 h - a potion of resistance {unknown}
 m - 2 potions of attraction {unknown}
 p - a potion of curing {unknown}
 r - a potion of mutation {unknown}
 t - a potion of haste {unknown}
 u - a potion of magic {unknown}

Dungeon Overview and Level Annotations

Branches:
Dungeon (3/15)

Altars:
Ashenzari
Dithmenos
Uskayaw

Annotations:
D:3 Grinder

▒.▒ ▒.▒▒▒▒..▒▒▒............▒▒▒▒
▒.▒ ▒............▒▒▒...▒▒▒.....
▒)▒▒▒▒.▒▒▒▒....▒..▒ ▒...▒ ▒.▒▒▒▒
▒).).........▒....▒▒▒...▒▒▒.....
▒▒▒▒▒▒.▒▒▒▒..▒▒▒............▒▒▒▒
▒.▒.....................▒
▒▒.▒.▒▒..▒▒▒.▒▒▒▒▒▒▒▒▒▒..▒▒▒
▒.........5..........▒▒....▒
▒..▒.......H................
▒.▒▒▒▒▒▒▒▒▒▒.▒▒▒▒▒▒▒.▒▒▒.▒..
▒.▒.....▒........▒ ▒.▒ ▒.▒..
▒.▒.._..▒▒▒▒▒....▒ ▒.▒ ▒.▒..
▒.▒.....▒.▒ ▒....▒▒▒.▒▒▒.▒..
▒.▒8▒.▒8▒.▒ ▒............... ▒.▒
▒†▒▒▒.▒▒▒...▒▒▒▒.▒▒▒.▒▒▒ ▒.▒
▒..▒▒...'...▒ ▒........
▒.▒▒▒▒)▒▒▒▒▒▒...▒ ▒▒▒▒.▒▒▒▒


You could see Grinder.


Message History

Grinder gestures at you. You resist with significant effort.
Unknown command.
You closely miss Grinder.
Grinder is severely wounded.
Grinder closely misses you.
You hit Grinder.
Grinder is severely wounded.
You block Grinder's attack.
You closely miss Grinder.
Grinder is severely wounded.
You block Grinder's attack. Grinder gestures at you.
Pain shoots through your body!
* * * LOW HITPOINT WARNING * * *
You barely miss Grinder.
Grinder is severely wounded.
Grinder says, "You look like you could use a good racking."
Grinder misses you. You furiously retaliate!
You headbutt Grinder. You hit Grinder but do no damage.
Grinder is almost dead.
You block Grinder's attack.
Unknown command.
You hit Grinder but do no damage.
Grinder is almost dead.
Grinder hits you.
You die...
Grinder says, "Hey, I wasn't done torturing you yet!"

Action                     |  1- 3 |  4- 6 || total
---------------------------+-------+-------++-------
  Melee: Flail             |    87 |    97 ||   184
         Headbutt          |    11 |    16 ||    27
 Armour: Scale mail        |    33 |    61 ||    94
  Dodge: Dodged            |    50 |    25 ||    75
  Block: Buckler           |    28 |    22 ||    50

Levels and vault maps discovered:
D:1:      dpeg_arrival_caged_fury, layout_loops_ring,
          nicolae_twisty_statue_hallways
D:2:      layout_basic, basic_altar
D:3:      layout_basic, mainiacjoe_overflow_chevrons,
          mainiacjoe_overflow_alcove_2, minmay_misc_feat_cross,
          hangedman_decor_lopped, minmay_splitting_lines,
          kennysheep_generic_room_7, uniq_grinder, uniq_robin

Notes
Turn   | Place    | Note
-------+----------+-------------------------------------------
     0 | D:1      | sanka the Minotaur Fighter began the quest for the Orb.
     0 | D:1      | Reached XP level 1. HP: 19/19 MP: 0/0
     1 | D:1      | Found a runed translucent door.
   231 | D:1      | Reached skill level 4 in Fighting
   266 | D:1      | Reached skill level 3 in Maces & Flails
   266 | D:1      | Reached XP level 2. HP: 27/27 MP: 1/1
   743 | D:1      | Reached skill level 4 in Maces & Flails
   743 | D:1      | Reached XP level 3. HP: 19/33 MP: 2/2
   852 | D:2      | Found a hide-covered altar of Uskayaw.
  1040 | D:2      | Reached skill level 5 in Maces & Flails
  1112 | D:2      | Reached XP level 4. HP: 40/40 MP: 3/3
  1681 | D:3      | Found a broken altar of Ashenzari.
  1934 | D:3      | Noticed Grinder
  2251 | D:3      | Noticed Robin
  2276 | D:3      | Reached skill level 6 in Maces & Flails
  2286 | D:3      | Killed Robin
  2287 | D:3      | Reached XP level 5. HP: 39/46 MP: 4/4
  2334 | D:3      | Found a shadowy altar of Dithmenos.
  2405 | D:3      | Paralysed by Grinder for 5 turns
  2412 | D:3      | Paralysed by Grinder for 4 turns
  2420 | D:3      | HP: 4/46 [Grinder/nerve-wracking pain (10)]
  2423 | D:3      | Slain by Grinder

Vanquished Creatures
  Robin (D:3)
  3 adders (D:2)
  4 ribbon worms
  4 dart slugs
  6 bats
  8 endoplasms
  4 giant cockroaches
  13 goblins
  12 hobgoblins
  7 jackals
  3 quokkas
  5 ball pythons
  4 frilled lizards
  5 kobolds
  7 rats (D:1)
86 creatures vanquished.
